 Dungeon Crawl Stone Soup version 0.32-a0-607-g64ea0e4219 (webtiles) character file.

Game seed: 13649352820849081815

263 Sabo the Charlatan (level 6, -1/47 HPs)
             Began as a Gnoll Artificer on Mar 3, 2024.
             Slain by a river rat (6 damage)
             ... summoned by Eustachio
             ... on level 4 of the Dungeon.
             The game lasted 00:17:14 (3077 turns).

Sabo the Charlatan (Gnoll Artificer)                Turns: 3077, Time: 00:17:14

Health: -1/47      AC: 17    Str: 13      XL:     6   Next: 19%
Magic:  8/8        EV: 11    Int: 10      God:
Gold:   100        SH:  0    Dex: 11 (13) Spells: 8/8 levels left

rFire   . . .        q - +2 mace (protect)
rCold   . . .        p - orb {light}
rNeg    . . .        j - +1 ring mail {Will+}
rPois   .            a - +0 helmet
rElec   .            s - +0 cloak
rCorr   .            g - +0 pair of gloves
SInv    .            (no boots)
Will    +....        (no amulet)
Stlth   +            (no ring)
HPRegen 0.27/turn    (no ring)
MPRegen 0.11/turn

%: no passive effects
@: mighty, under a protective aura, glowing
A: fangs 1, strong nose, distributed training
a: no special abilities


You were on level 4 of the Dungeon.
You visited 1 branch of the dungeon, and saw 4 of its levels.

You collected 100 gold pieces.

Inventory:

Hand Weapons
 b - a +0 hand axe
 f - a +0 rapier
 m - a +0 sling
 q - a +2 mace of protection (weapon)
 r - a +1 spear of venom
 w - a +4 quarterstaff of chaos
Missiles
 k - 3 boomerangs
Armour
 a - a +0 helmet (worn)
 g - a +0 pair of gloves (worn)
 j - a +1 ring mail of willpower (worn)
 p - an orb of light (worn)
 s - a +0 cloak (worn)
Wands
 c - a wand of flame (15) (quivered)
 d - a wand of charming (15)
 e - a wand of iceblast (5)
Scrolls
 i - 3 scrolls of blinking
 n - 2 scrolls of amnesia
 o - a scroll of teleportation
 u - a scroll of poison {unknown}
Potions
 h - a potion of might
 t - a potion of haste {unknown}
 v - 2 potions of ambrosia {unknown}


   Skills:
 + Level 3.2 Fighting
 + Level 1.9 Short Blades
 + Level 1.9 Long Blades
 + Level 1.9 Axes
 + Level 1.9 Maces & Flails
 + Level 1.9 Polearms
 + Level 1.9 Staves
 + Level 1.9 Ranged Weapons
 + Level 1.9 Throwing
 + Level 5.0 Armour
 + Level 3.2 Dodging
 + Level 3.0 Stealth
 + Level 1.9 Shields
 + Level 1.9 Unarmed Combat
 + Level 1.9 Spellcasting
 + Level 1.5 Conjurations
 + Level 1.5 Hexes
 + Level 1.5 Summonings
 + Level 1.5 Necromancy
 + Level 1.5 Translocations
 + Level 1.5 Fire Magic
 + Level 1.5 Ice Magic
 + Level 1.5 Air Magic
 + Level 1.5 Earth Magic
 + Level 1.5 Alchemy
 + Level 2.1 Invocations
 + Level 6.8 Evocations
 + Level 1.7 Shapeshifting


You had 8 spell levels left.
You didn't know any spells.
Your spell library contained the following spells:

 Spells                   Type           Power      Damage    Failure   Level
 Kiss of Death            Conj/Necr      16%        2d6       32%         1
 Confusing Touch          Hex            4%         N/A       69%         3
 Dispel Undead            Necr           4%         3d7       97%         4


Dungeon Overview and Level Annotations

Branches:
Dungeon (4/15)
 Temple: D:4-7

Altars:

Shops:
D:3 :((

Annotations:
D:4 Eustachio


Innate Abilities, Weirdness & Mutations

You have very sharp teeth.
Your uncanny sense of smell can sniff out nearby items.
Your experience applies equally to all skills.


Message History

The iron imp shouts, "Return whence thou came, thou foisting tip-merry flim-flammer!"
The river rat bites you but does no damage.
The quokka barely misses you.
The crimson imp blinks!
The shadow imp hits you but does no damage.
The bat hits you but does no damage. The river rat bites you.
* * * LOW HITPOINT WARNING * * *
The bat hits you but does no damage.
Eustachio mumbles some strange words.
Eustachio blinks!
The shadow imp attacks as it pursues you!
The shadow imp closely misses you.
You hit the bat.
Your weapon exudes an aura of protection.
You kill the bat!
The bat's corpse disappears in a puff of smoke!
The bat hits you but does no damage.
The river rat bites you but does no damage.
The shadow imp completely misses you.
The quokka bites you but does no damage.
You hit the iron imp but do no damage. The bat barely misses you.
The bat hits you but does no damage.
The river rat bites you but does no damage.
Eustachio gestures wildly while chanting.
Eustachio blinks!
The quokka bites you but does no damage.
The crimson imp hits you but does no damage.
The shadow imp barely misses you. The iron imp hits you.
* * * LOW HITPOINT WARNING * * *
The river rat closely misses you. The bat barely misses you.
The quokka attacks as it pursues you!
The quokka bites you but does no damage.
Eustachio closely misses you.
The shadow imp attacks as it pursues you!
The shadow imp hits you.
* * * LOW HITPOINT WARNING * * *
The crimson imp hits you.
* * * LOW HITPOINT WARNING * * *
The river rat attacks as it pursues you!
The river rat bites you.
You die...

#. ♣.♣##.##♣.♣ ∆ #. ###
#'##...##.## ##.
##.###...........
#..##...#####.......#
#........# ##.......#
###.......§###.......##
#.....§§.....<..######
....#.brr5§..§...## #
#....@55..###.#
#....@...## #...
##......## ##....
####.### ..... ###
>.... .....


You could see Eustachio, an iron imp (summoned), a crimson imp (summoned), a
river rat (summoned), a shadow imp (summoned), a quokka (summoned) and a bat
(summoned).

Vanquished Creatures
  An ogre (D:3)
  Crazy Yiuf (D:3)
  A jelly (D:4)
  3 gnolls (D:3)
  2 adders (D:3)
  3 ribbon worms
  A dart slug (D:3)
  An orc (D:3)
  5 endoplasms
  6 giant cockroaches
  13 goblins
  3 hobgoblins
  4 jackals
  6 kobolds
  3 quokkas
  4 ball pythons
  A bat (D:3)
  6 frilled lizards
  3 rats
67 creatures vanquished.

Notes
Turn   | Place    | Note
-------+----------+-------------------------------------------
     0 | D:1      | Sabo the Gnoll Artificer began the quest for the Orb.
     0 | D:1      | Reached XP level 1. HP: 17/17 MP: 1/1
   249 | D:1      | Reached XP level 2. HP: 15/23 MP: 2/2
   827 | D:2      | Reached XP level 3. HP: 28/28 MP: 3/3
  1383 | D:2      | Reached skill level 1 in Invocations
  1704 | D:3      | Reached skill level 1 in Short Blades
  1704 | D:3      | Reached skill level 1 in Long Blades
  1704 | D:3      | Reached skill level 1 in Axes
  1704 | D:3      | Reached skill level 1 in Maces & Flails
  1704 | D:3      | Reached skill level 1 in Polearms
  1704 | D:3      | Reached skill level 1 in Staves
  1704 | D:3      | Reached skill level 1 in Ranged Weapons
  1704 | D:3      | Reached skill level 1 in Throwing
  1704 | D:3      | Reached skill level 1 in Shields
  1704 | D:3      | Reached skill level 1 in Unarmed Combat
  1704 | D:3      | Reached skill level 1 in Spellcasting
  1732 | D:3      | Reached skill level 1 in Shapeshifting
  1732 | D:3      | Reached XP level 4. HP: 31/34 MP: 5/5
  1759 | D:3      | Found Qizehulo's Antique Weapon Shop.
  1806 | D:3      | Found Qiusiodiot's Weapon Boutique.
  1908 | D:3      | Reached skill level 1 in Conjurations
  1908 | D:3      | Reached skill level 1 in Hexes
  1908 | D:3      | Reached skill level 1 in Summonings
  1908 | D:3      | Reached skill level 1 in Necromancy
  1908 | D:3      | Reached skill level 1 in Translocations
  1908 | D:3      | Reached skill level 1 in Fire Magic
  1908 | D:3      | Reached skill level 1 in Ice Magic
  1908 | D:3      | Reached skill level 1 in Air Magic
  1908 | D:3      | Reached skill level 1 in Earth Magic
  1908 | D:3      | Reached skill level 1 in Alchemy
  2381 | D:3      | Noticed an ogre
  2388 | D:3      | Killed an ogre
  2389 | D:3      | Reached XP level 5. HP: 25/41 MP: 5/7
  2608 | D:3      | Found Lobyhyov's Book Boutique.
  2670 | D:3      | Found a runed translucent door.
  2671 | D:3      | Noticed Crazy Yiuf
  2686 | D:3      | Killed Crazy Yiuf
  2687 | D:3      | Reached XP level 6. HP: 31/47 MP: 8/8
  2976 | D:4      | Reached skill level 5 in Armour
  3031 | D:4      | Noticed Eustachio
  3077 | D:4      | Slain by a river rat

Illustrated notes

Levels and vault maps discovered:
D:1:      dpeg_arrival_shelter, layout_loops_ring
D:2:      layout_basic
D:3:      layout_loops_ring, serial_shops, nicolae_shop_tiny_glass,
          nicolae_shop_advertising_works [nicolae_subvault_shop_adworks], shop,
          serial_glass, glass_columns_a, glass_columns_c, minmay_ogre_servants,
          uniq_crazy_yiuf_cottage
D:4:      layout_cave_pods, grunt_ministairs_8, uniq_eustachio

Skill      XL: |  1  2  3  4  5  6 |
---------------+-------------------+-----
Invocations    | 1 2 |  2.1
Short Blades   | 1 |  1.9
Long Blades    | 1 |  1.9
Axes           | 1 |  1.9
Maces & Flails | 1 |  1.9
Polearms       | 1 |  1.9
Staves         | 1 |  1.9
Ranged Weapons | 1 |  1.9
Throwing       | 1 |  1.9
Shields        | 1 |  1.9
Unarmed Combat | 1 |  1.9
Spellcasting   | 1 |  1.9
Shapeshifting  | 1 |  1.7
Conjurations   | 1 |  1.5
Hexes          | 1 |  1.5
Summonings     | 1 |  1.5
Necromancy     | 1 |  1.5
Translocations | 1 |  1.5
Fire Magic     | 1 |  1.5
Ice Magic      | 1 |  1.5
Air Magic      | 1 |  1.5
Earth Magic    | 1 |  1.5
Alchemy        | 1 |  1.5
Fighting       | 3 |  3.2
Dodging        | 3 |  3.2
Stealth        | 3 |  3.0
Armour         | 5 |  5.0
Evocations     | |  6.8

Action                     |  1- 3 |  4- 6 || total
---------------------------+-------+-------++-------
  Melee: Rapier            |   148 |     6 ||   154
         Bite              |    22 |    18 ||    40
         Mace              |       |   118 ||   118
    Use: Scroll            |     5 |       ||     5
         Potion            |       |     3 ||     3
 Armour: Chain mail        |    66 |       ||    66
         Leather armour    |     3 |       ||     3
         Ring mail         |    65 |   202 ||   267
  Dodge: Dodged            |    94 |   149 ||   243

Table legend: (Time is in decaauts)
 A = Elapsed time spent in this place.
 B = Non-inter-level travel time spent in this place.
 C = Inter-level travel time spent in this place.
 D = Time resting spent in this place.
 E = Time spent auto-exploring this place.
 F = Levels seen in this place.
 G = Mean time per level.
                   A        B        C        D        E       F      G
               +--------+--------+--------+--------+--------+-----+--------+
         Total |   3140 |   3140 |      0 |    389 |      0 |   4 |  785.0 |
       Dungeon |   3140 |   3140 |      0 |    389 |      0 |   4 |  785.0 |
               +--------+--------+--------+--------+--------+-----+--------+

Top non-repeatable levels by time:
     D:3: 1277 daAuts
     D:2: 970 daAuts
     D:1: 747 daAuts
     D:4: 145 daAuts
